 Dungeon Crawl Stone Soup version 0.30-a0-352-g1e81539c98 (webtiles) character file.

Game seed: 1084086360000615364

30718 Elric the Spear-Bearer (level 13, -5/104 HPs)
             Began as a Merfolk Fighter on Nov 7, 2022.
             Was an Elder of Ru.
             Slain by a red ugly thing (6 damage)
             ... on level 14 of the Dungeon.
             The game lasted 00:34:17 (11208 turns).

Elric the Spear-Bearer (Merfolk Fighter)           Turns: 11208, Time: 00:34:17

Health: -5/104     AC: 24    Str: 22    XL:     13   Next: 53%
Magic:  22/22      EV: 10    Int:  5    God:    Ru [****..]
Gold:   1157       SH:  4    Dex: 13    Spells: 21/24 levels left

rFire   . . .      SeeInvis .    a - +3 trident (spect)
rCold   . . .      Faith    .    c - +0 buckler
rNeg    . . .      Spirit   .    K - +0 plate armour
rPois   .          Reflect  .    (helmet restricted)
rElec   .          Harm     .    s - +0 cloak
rCorr   .          Rampage  .    G - +0 pair of gloves
Will    .....                    (no boots)
Stlth   ..........               (no amulet)
HPRegen 0.37/turn                k - +4 ring of protection
MPRegen 0.18/turn                j - +4 ring of protection

@: no status effects
A: no stealth, inability to use devices, unskilled 1, (nimble swimmer 2),
mertail, horns 1, dopey 1, MP-powered wands
a: Renounce Religion, Draw Out Power, Power Leap


You were on level 14 of the Dungeon.
You worshipped Ru.
Ru was greatly pleased with you.
You visited 1 branch of the dungeon, and saw 14 of its levels.

You collected 1157 gold pieces.

Inventory:

Hand Weapons
 a - a +3 spectral trident (weapon)
 u - the +11 trident "Qiles" {vorpal, Fragile Int+3 Dex+3}
   (You found it on level 4 of the Dungeon)

   It inflicts extra damage upon your enemies.
   Int:       It affects your intelligence (+3).
   Dex:       It affects your dexterity (+3).
   Fragile:   It will be destroyed if unequipped.
 L - a +1 trident of flaming
Armour
 c - a +0 buckler (worn)
 s - a +0 cloak (worn)
 G - a +0 pair of gloves (worn)
 K - a +0 plate armour (worn)
Jewellery
 h - a ring of wizardry
 j - a +4 ring of protection (right hand)
 k - a +4 ring of protection (left hand)
 t - a ring of resist corrosion
 H - an amulet of faith
Wands
 q - a wand of mindburst (26)
 F - a wand of acid (30)
 I - a wand of iceblast (14)
Scrolls
 i - a scroll of fog
 l - 3 scrolls of teleportation
 n - 2 scrolls of silence
 r - a scroll of fear
 v - 2 scrolls of immolation
 w - 2 scrolls of magic mapping
 y - a scroll of blinking
 z - 2 scrolls of amnesia
 A - 2 scrolls of vulnerability
 D - 6 scrolls of identify
 M - a scroll of enchant weapon
Potions
 d - 4 potions of might
 e - a potion of haste
 f - 6 potions of lignification
 g - 6 potions of curing
 m - 3 potions of attraction
 o - 5 potions of brilliance
 p - 2 potions of berserk rage
 x - 2 potions of invisibility
 B - a potion of ambrosia {unknown}
 C - 4 potions of cancellation {unknown}
 J - a potion of heal wounds {unknown}


   Skills:
 - Level 10.7 Fighting
 - Level 14.0 Polearms
 + Level 8.0 Armour
 + Level 12.1 Dodging
 - Level 2.7 Shields
 - Level 6.2 Spellcasting
 * Level 1.7 Air Magic


You had 21 spell levels left.
You knew the following spells:

 Your Spells              Type           Power      Damage    Failure   Level
a - Swiftness             Air            3%         N/A       100%        3

Your spell library contained the following spells:

 Spells                   Type           Power      Damage    Failure   Level
 Magic Dart               Conj           4%         1d3       99%         1
 Sandblast                Erth           2%         2d4       99%         1
 Shock                    Conj/Air       8%         1d3       99%         1
 Passwall                 Tmut/Erth      0%         N/A       100%        2
 Searing Ray              Conj           2%         2d4       100%        2
 Sublimation of Blood     Necr           1%         N/A       100%        2
 Wereblood                Tmut           1%         N/A       100%        2
 Hailstorm                Conj/Ice       1%         3d3       100%        3
 Stone Arrow              Conj/Erth      2%         3d7       100%        3
 Tukima's Dance           Hex            1%         N/A       100%        3
 Airstrike                Air            1%         2d(1-17)  100%        4
 Animate Armour           Summ/Erth      2%         N/A       100%        4
 Fulminant Prism          Conj/Hex       0%         3d5       100%        4
 Ice Form                 Ice/Tmut       1%         N/A       100%        4
 Passage of Golubria      Tloc           1%         N/A       100%        4
 Petrify                  Tmut/Erth      1%         N/A       100%        4
 Blade Hands              Tmut           0%         N/A       100%        5
 Irradiate                Conj/Tmut      0%         3d11      100%        5
 Yara's Violent Unravell  Hex/Tmut       0%         3d3       100%        5
 Iron Shot                Conj/Erth      0%         9d1       100%        6
 Simulacrum               Ice/Necr       0%         N/A       100%        6
 Summon Hydra             Summ           0%         N/A       100%        7


Dungeon Overview and Level Annotations

Branches:
Dungeon (14/15)            Temple (0/1) D:7            Lair (0/5) D:11
    Orc (0/2) D:11         Vaults (0/5) D:13

Altars:
Cheibriados
Dithmenos
Elyvilon
Hepliaklqana
Kikubaaqudgha
Okawaru
Qazlal
Ru
Trog
Uskayaw
Vehumet
Wu Jian
Xom
Zin
The Shining One

Shops:
D:1 *   D:4 :   D:5 !

Annotations:
D:4 1 runed translucent door
D:11 3 runed translucent doors, MrRokkomies's ghost, journeyman AtGl


Innate Abilities, Weirdness & Mutations

You cannot be stealthy.
You cannot study or use magical devices.
You are somewhat unskilled. (-1 Apt)
((You are very nimble when in or above water. (Stealth+, EV+, Speed+++)))
Your lower body shifts to a powerful aquatic tail in water.
You have a pair of small horns on your head.
You are dopey. (Int -2)
You expend magic power (3 MP) to strengthen your wands.


Message History

The arrow completely misses the purple ugly thing.
The arrow closely misses the white ugly thing.
The arrow hits you! The white ugly thing barely misses you.
Unknown command.
You barely miss the white ugly thing. You headbutt the white ugly thing.
The white ugly thing is heavily wounded.
Your +3 spectral trident hits the white ugly thing from afar!
The centaur warrior shoots an arrow.
The arrow closely misses the purple ugly thing.
The arrow hits the white ugly thing!!
The white ugly thing dies!
You hit the purple ugly thing but do no damage.
The purple ugly thing is heavily wounded.
Your +3 spectral trident hits the purple ugly thing from afar!!
The purple ugly thing basks in the mutagenic energy from its kin and changes!
You hit the red ugly thing.
Your headbutt misses the red ugly thing.
The red ugly thing is severely wounded.
Your +3 spectral trident misses the red ugly thing.
The purple ugly thing basks in the mutagenic energy from its kin and changes!
You puncture the red ugly thing!
The red ugly thing is almost dead.
Your +3 spectral trident misses the red ugly thing.
You puncture the red ugly thing!
You kill the red ugly thing!
The centaur warrior is no longer blind.
The centaur warrior shoots an arrow.
The arrow hits you.
The centaur warrior shoots an arrow.
The arrow hits you!!
* * * LOW HITPOINT WARNING * * *
You block the red ugly thing's attack.
You see here an ugly thing corpse.
You barely miss the red ugly thing.
The red ugly thing is moderately wounded.
Your +3 spectral trident hits the red ugly thing.
The centaur warrior shoots an arrow.
The arrow misses your +3 spectral trident.
The arrow hits you!
* * * LOW HITPOINT WARNING * * *
The red ugly thing punches you.
You die...

######### #.......#
############# #.......#
.............. #$......#
..............
#.......#...............
#.......#...............
#....c.u'...........>...
#.....(@#+###..###'#####
########....#..###.###..
#....+.....<.....
#....#...........
#....#..######.##
#....#..##..##.##
#....#...#......#
#....#...+......#
#....#..~...~...~


You could see a red ugly thing, a centaur warrior and a friendly +3 spectral
trident (summoned).

Vanquished Creatures
  Gastronok (D:9)
  Josephine (D:11)
  8 vault guards
  A centaur warrior (D:13)
  3 two-headed ogres
  Nergalle (D:12)
  Lodul (D:13)
  4 deep elf pyromancers
  9 ugly things
  The ghost of Odexios the Changer, a novice OpTm (D:6)
  2 manticores
  Maurice (D:8)
  4 cyclopes
  A gargoyle (D:12)
  An unseen horror (D:11)
  A komodo dragon (shapeshifter) (D:13)
  A kobold demonologist (D:13)
  Psyche (D:8)
  An efreet (D:13)
  2 komodo dragons
  A polar bear (shapeshifter) (D:13)
  2 trolls (D:13)
  3 slime creatures (D:12)
  2 shadows (D:10)
  6 wraiths
  2 vampires
  16 yaks
  A wyvern (D:11)
  4 vampire mosquitoes (D:12)
  A steam dragon (D:7)
  The ghost of Asagix the Magician, an amateur DjFE of Wu Jian (D:4)
  An acid dragon (D:12)
  An ice beast (D:6)
  9 orc warriors
  3 sky beasts
  8 ogres
  2 centaurs
  A phantom (D:4)
  A kobold brigand (D:10)
  2 necrophages
  5 bullfrogs
  4 scorpions
  10 killer bees
  4 howler monkeys
  2 jellies
  5 hounds
  A gnoll bouda (D:7)
  8 orc priests
  Crazy Yiuf (D:7)
  2 iguanas
  12 orc wizards
  7 adders
  6 gnolls
  2 shadow imps
  2 white imps
  An ufetubus (D:5)
  A worm (D:3)
  5 dart slugs
  60 orcs
  4 ball pythons
  5 bats
  8 endoplasms
  3 giant cockroaches (D:4)
  10 hobgoblins
  17 kobolds
  6 quokkas
  4 frilled lizards
  2 goblins
  10 rats
319 creatures vanquished.

Vanquished Creatures (others)
  3 ugly things (D:14)
  4 plants (D:11)
7 creatures vanquished.

Grand Total: 326 creatures vanquished

Notes
Turn   | Place    | Note
-------+----------+-------------------------------------------
     0 | D:1      | Elric the Merfolk Fighter began the quest for the Orb.
     0 | D:1      | Reached XP level 1. HP: 18/18 MP: 1/1
    47 | D:1      | Reached skill level 3 in Polearms
   174 | D:1      | Reached XP level 2. HP: 24/24 MP: 2/2
   238 | D:1      | Found Juxzoso's Assorted Antiques.
   380 | D:1      | Reached skill level 4 in Polearms
   684 | D:2      | Reached XP level 3. HP: 29/29 MP: 3/3
   845 | D:2      | Found a snail-covered altar of Cheibriados.
   859 | D:2      | Reached skill level 5 in Polearms
  1247 | D:3      | Found a sacrificial altar of Ru.
  1251 | D:3      | Became a worshipper of Ru the Awakened
  1276 | D:3      | Reached XP level 4. HP: 35/35 MP: 4/4
  1283 | D:3      | Reached skill level 6 in Polearms
  1368 | D:3      | Reached XP level 5. HP: 34/41 MP: 5/5
  1413 | D:3      | Found an ornate altar of the Wu Jian Council.
  1416 | D:3      | Found an iron altar of Okawaru.
  1419 | D:3      | Found a stormy altar of Qazlal.
  1422 | D:3      | Found a hazy altar of Hepliaklqana.
  1711 | D:3      | Reached skill level 7 in Polearms
  2029 | D:3      | Found an ancient bone altar of Kikubaaqudgha.
  2264 | D:4      | Reached XP level 6. HP: 45/47 MP: 6/6
  2292 | D:4      | Reached skill level 8 in Polearms
  2292 | D:4      | Reached skill level 1 in Dodging
  2316 | D:4      | Identified the +11 trident "Qiles" {vorpal, Fragile Int+3
                  | Dex+3}
  2500 | D:4      | Found a shadowy altar of Dithmenos.
  2521 | D:4      | Reached skill level 9 in Polearms
  2521 | D:4      | Reached XP level 7. HP: 54/54 MP: 7/7
  2725 | D:4      | Found Jozxarah's Book Shoppe.
  2741 | D:4      | Found a runed translucent door.
  2742 | D:4      | Noticed Asagix's ghost (amateur DjFE)
  2798 | D:4      | Killed Asagix's ghost
  2801 | D:4      | Found a runed translucent door.
  2945 | D:4      | Found a white marble altar of Elyvilon.
  3179 | D:5      | Entered Level 5 of the Dungeon
  3180 | D:5      | Gained mutation: You are somewhat unskilled. (-1 Apt) [Ru
                  | sacrifice]
  3180 | D:5      | Reduced skill Polearms to level 8
  3180 | D:5      | Reached * piety under Ru
  3253 | D:5      | Reached skill level 9 in Polearms
  3353 | D:5      | Found Fuwum's Distillery.
  3429 | D:5      | Reached XP level 8. HP: 61/61 MP: 8/8
  3827 | D:5      | Identified the +1 robe "Juseut" {-Tele rElec rPois Regen+}
  3834 | D:5      | Gained mutation: You have a pair of small horns on your
                  | head. [potion of mutation]
  3834 | D:5      | Gained mutation: You are robust. (+10% HP) [potion of
                  | mutation]
  3835 | D:5      | Lost mutation: You are robust. (+10% HP) [potion of
                  | mutation]
  3835 | D:5      | Lost mutation: You have a pair of small horns on your head.
                  | [potion of mutation]
  3835 | D:5      | Gained mutation: Your magical capacity is low. (-10% MP)
                  | [potion of mutation]
  3835 | D:5      | Gained mutation: You are partially covered in iridescent
                  | scales. (AC +2) [potion of mutation]
  3836 | D:5      | Lost mutation: Your magical capacity is low. (-10% MP)
                  | [potion of mutation]
  3836 | D:5      | Lost mutation: You are partially covered in iridescent
                  | scales. (AC +2) [potion of mutation]
  3836 | D:5      | Gained mutation: You are dopey. (Int -2) [potion of
                  | mutation]
  3836 | D:5      | Gained mutation: You expend magic power (3 MP) to
                  | strengthen your wands. [potion of mutation]
  3836 | D:5      | Gained mutation: You have a pair of small horns on your
                  | head. [potion of mutation]
  3945 | D:6      | Found a shimmering altar of Xom.
  3968 | D:6      | Reached skill level 5 in Fighting
  3968 | D:6      | Reached skill level 10 in Polearms
  4071 | D:6      | Reached skill level 5 in Dodging
  4083 | D:6      | Found a runed translucent door.
  4084 | D:6      | Noticed Odexios's ghost (novice OpTm)
  4433 | D:6      | Reached XP level 9. HP: 68/68 MP: 9/9
  4610 | D:6      | Noticed an angel
  4611 | D:6      | Found a glowing silver altar of Zin.
  4938 | D:6      | Killed Odexios's ghost
  4939 | D:6      | Reached skill level 11 in Polearms
  5285 | D:7      | Found a staircase to the Ecumenical Temple.
  5295 | D:7      | Reached skill level 12 in Polearms
  5419 | D:7      | Found a runed translucent door.
  5420 | D:7      | Noticed Crazy Yiuf
  5466 | D:7      | Found a hide-covered altar of Uskayaw.
  5560 | D:7      | Killed Crazy Yiuf
  5618 | D:8      | Noticed Psyche
  5627 | D:8      | Killed Psyche
  5648 | D:8      | Gained mutation: You cannot study or use magical devices.
                  | [Ru sacrifice]
  5648 | D:8      | Reached ** piety under Ru
  5648 | D:8      | Reached *** piety under Ru
  5705 | D:8      | Reached XP level 10. HP: 60/77 MP: 10/10
  5712 | D:8      | Reached skill level 13 in Polearms
  6373 | D:8      | Found a glowing golden altar of the Shining One.
  6474 | D:8      | Noticed Maurice
  6482 | D:8      | Killed Maurice
  6522 | D:9      | Noticed Gastronok
  6529 | D:9      | Killed Gastronok
  6530 | D:9      | Reached skill level 14 in Polearms
  6595 | D:9      | Identified the +8 long sword of the Abyss {vorpal, rPois
                  | rCorr}
  6639 | D:9      | Noticed a deep elf pyromancer
  6644 | D:9      | Killed a deep elf pyromancer
  6649 | D:9      | You fall into a shaft and drop 1 floor!
  6649 | D:10     | Entered Level 10 of the Dungeon
  6671 | D:10     | Identified the +3 leather armour of Lepovu {Int+5}
  6681 | D:10     | Noticed a two-headed ogre
  6687 | D:10     | Killed a two-headed ogre
  6688 | D:10     | Reached XP level 11. HP: 87/87 MP: 11/11
  6926 | D:10     | Found a radiant altar of Vehumet.
  6932 | D:10     | Gained mutation: You cannot be stealthy. [Ru sacrifice]
  6932 | D:10     | Reached **** piety under Ru
  6971 | D:10     | Reached skill level 10 in Dodging
  7511 | D:11     | Noticed Josephine
  7512 | D:11     | Found a staircase to the Orcish Mines.
  7521 | D:11     | Killed Josephine
  7531 | D:11     | Reached skill level 10 in Fighting
  7554 | D:11     | Noticed a cyclops
  7558 | D:11     | Killed a cyclops
  8092 | D:11     | Found a runed translucent gate.
  8095 | D:11     | Found a runed translucent gate.
  8095 | D:11     | Found a runed translucent gate.
  8096 | D:11     | Noticed an 11-headed hydra
  8097 | D:11     | Noticed MrRokkomies's ghost (journeyman AtGl)
  8144 | D:11     | Found a staircase to the Lair.
  8168 | D:11     | Noticed a two-headed ogre
  8172 | D:11     | Killed a two-headed ogre
  8465 | D:12     | Noticed a cyclops
  8473 | D:12     | Killed a cyclops
  8474 | D:12     | Reached skill level 1 in Spellcasting
  8475 | D:12     | Noticed a purple ugly thing
  8484 | D:12     | Killed a purple ugly thing
  8497 | D:12     | Noticed a deep elf pyromancer
  8500 | D:12     | Reached XP level 12. HP: 75/99 MP: 14/14
  8720 | D:12     | Noticed a two-headed ogre
  8726 | D:12     | Killed a two-headed ogre
  8969 | D:12     | Noticed Nergalle
  8977 | D:12     | Killed Nergalle
  9147 | D:12     | Reached skill level 5 in Armour
  9450 | D:13     | Noticed Lodul
  9477 | D:13     | Killed Lodul
  9490 | D:13     | Noticed a vault guard
  9497 | D:13     | Noticed a vault guard
  9500 | D:13     | Killed a vault guard
  9509 | D:13     | Noticed a vault guard
  9511 | D:13     | Killed a vault guard
  9699 | D:13     | Killed a vault guard
  9709 | D:13     | Noticed a vault guard
  9723 | D:13     | Killed a vault guard
  9724 | D:13     | Reached skill level 5 in Spellcasting
  9726 | D:13     | Noticed a vault guard
  9729 | D:13     | Noticed a vault guard
  9781 | D:12     | Killed a vault guard
  9782 | D:12     | Reached XP level 13. HP: 21/104 MP: 20/20
  9796 | D:12     | Killed a vault guard
 10059 | D:13     | Noticed a vault guard
 10073 | D:13     | Killed a vault guard
 10685 | D:13     | Found a bloodstained altar of Trog.
 10687 | D:13     | Identified the +10 long sword "Mezisidwey" {venom, Dex+4}
 10687 | D:13     | Noticed a vault guard
 10705 | D:13     | Killed a vault guard
 10810 | D:13     | Found a gate to the Vaults.
 11150 | D:14     | Learned a level 3 spell: Swiftness
 11188 | D:14     | Reached skill level 1 in Air Magic
 11208 | D:14     | HP: 1/104 [centaur warrior/arrow (13)]
 11208 | D:14     | Slain by a red ugly thing

Illustrated notes

Levels and vault maps discovered:
D:1:      minmay_arrival_plants_in_alcoves, layout_loops_ring, serial_shops,
          shop_fountains, chequers_serial_rivers_room_b,
          minmay_misc_feat_hallway, glass_columns_a
D:2:      layout_basic, basic_altar
D:3:      layout_basic, grunt_temple_overflow_cloverleaf, hangedman_ru_absence,
          general_overflow_altar
D:4:      layout_loops_ring, mainiacjoe_overflow_alcove_1,
          nicolae_overflow_hidden_temple, serial_shops, shop,
          ebering_ghost_sewer_f, minmay_goblin_kobold_house
D:5:      layout_rooms, serial_shops, kennysheep_mini_moat,
          kennysheep_generic_room_2
D:6:      layout_basic, zin_angel, lemuel_doored_altar,
          ebering_ghost_reflecting_pool
D:7:      layout_rooms, kennysheep_mini, minmay_temple_entry_grid,
          uniq_crazy_yiuf_cottage
D:8:      layout_gridville, mainiacjoe_overflow_concentric_impassable,
          special_room [special_room_orc], uniq_maurice, uniq_psyche
D:9:      layout_cave_pods, bloody_makhleb, uniq_harold, uniq_gastronok
D:10:     layout_roguey, vehumet_altar_wand_db, minivault_21,
          grunt_decor_fettered, palyth_stone_intersect,
          hangedman_decor_slide_cut
D:11:     layout_irregular_city, lair_entry_dummy, david_orc_2,
          gammafunk_ghost_hydra_chop, uniq_josephine
D:12:     layout_irregular_city, uniq_nergalle
D:13:     layout_rooms, erik_vaults_2, tgw_trog, uniq_lodul
D:14:     layout_gridville, chequers_serial_rivers_large_a

Skill      XL: |  1  2  3  4  5  6  7  8  9 10 11 12 13 |
---------------+----------------------------------------+-----
Polearms       | 3 4 5 6 7 9 9 10 12 14 | 14.0
Dodging        | 2 3 5 7 9 11 12 | 12.1
Fighting       | 4 4 5 6 8 10 | 10.7
Shields        | 2 |  2.7
Spellcasting   | 1 5 6 |  6.2
Armour         | 3 6 8 |  8.0
Air Magic      | 1 |  1.7

Action                   |  1- 3 |  4- 6 |  7- 9 | 10-12 | 13-15 || total
-------------------------+-------+-------+-------+-------+-------++-------
Melee: Trident           |   134 |    71 |   144 |   399 |   143 ||   891
       Headbutt          |       |       |    12 |    62 |    28 ||   102
Invok: Sacrifice Skill   |       |       |     1 |       |       ||     1
       Sacrifice Artific |       |       |     1 |       |       ||     1
       Sacrifice Stealth |       |       |       |     1 |       ||     1
       Draw Out Power    |       |       |       |     1 |       ||     1
       Reject Sacrifices |       |       |       |     1 |       ||     1
  Use: Scroll            |     6 |     4 |     6 |     7 |     1 ||    24
       Potion            |       |       |     4 |     1 |       ||     5
 Stab: Distracted        |       |     1 |     2 |     5 |     4 ||    12
       Invisible         |       |       |       |     2 |     2 ||     4
       Confused          |       |       |       |     1 |       ||     1
Armor: Scale mail        |    41 |    12 |    35 |     7 |       ||    95
       Plate armour      |       |       |       |    49 |    22 ||    71
Dodge: Dodged            |    41 |     8 |    37 |    44 |    20 ||   150
Block: Buckler           |    17 |       |     8 |    37 |    11 ||    73

Table legend: (Time is in decaauts)
 A = Elapsed time spent in this place.
 B = Non-inter-level travel time spent in this place.
 C = Inter-level travel time spent in this place.
 D = Time resting spent in this place.
 E = Time spent auto-exploring this place.
 F = Levels seen in this place.
 G = Mean time per level.
                   A        B        C        D        E       F      G
               +--------+--------+--------+--------+--------+-----+--------+
         Total |  10981 |  10531 |    450 |    706 |   8186 |  14 |  784.4 |
       Dungeon |  10981 |  10531 |    450 |    706 |   8186 |  14 |  784.4 |
               +--------+--------+--------+--------+--------+-----+--------+

Top non-repeatable levels by time:
    D:12: 1627 daAuts
     D:4: 1105 daAuts
     D:6: 1051 daAuts
    D:11: 962 daAuts
    D:13: 900 daAuts
     D:3: 893 daAuts
     D:8: 887 daAuts
     D:5: 725 daAuts
    D:10: 707 daAuts
     D:1: 637 daAuts
     D:7: 625 daAuts
     D:2: 551 daAuts
    D:14: 188 daAuts
     D:9: 118 daAuts
